 Dungeon Crawl Stone Soup version 0.14-a0-2644-gcc8e764 (webtiles) character file.

141 Econoterrorist the Ruffian (level 3, -5/28 HPs)
             Began as a Lava Orc Transmuter on Feb 16, 2014.
             Slain by an iguana (13 damage)
             ... on Level 3 of the Dungeon.
             The game lasted 00:06:04 (1539 turns).

Econoterrorist the Ruffian (Lava Orc Transmuter)    Turns: 1539, Time: 00:06:05

HP  -5/28        AC  5     Str 12      XL: 3   Next: 83%
MP   5/5         EV  8     Int 14      God:
Gold 80          SH  7     Dex 11      Spells:  2 memorised,  1 level left

rFire  + + +     SeeInvis .       - Unarmed
rCold  x . .     Clarity  .     e - +0 elf ring mail
rNeg   . . .     Conserve .     o - +1 dwarf buckler
rPois  .         rCorr    .     (no helmet)
rElec  .         rRot     .     (no cloak)
SustAb . .       Spirit   .     (no gloves)
rMut   .         Warding  .     (no boots)
Saprov + . .     Stasis   .     (no amulet)
MR     +....                    (no ring)
                                p - ring of protection from magic {unknown}

@: somewhat resistant to hostile enchantments, extremely unstealthy
A: conserve scrolls, saprovore 1
a: no special abilities


You were on level 3 of the Dungeon.
You were full.

You visited 1 branch of the dungeon, and saw 3 of its levels.

You collected 80 gold pieces.

Inventory:

Missiles
 b - 12 arrows
Armour
 e - a +0 elven ring mail (worn)
 o - a +1 dwarven buckler (worn)
Magical devices
 m - a wand of slowing (8) {unknown}
Comestibles
 a - 3 meat rations
 f - 2 bread rations
Scrolls
 g - 2 scrolls of identify {unknown}
 h - a scroll of curse armour {unknown}
 i - a scroll of noise {unknown}
 j - a scroll of enchant weapon II {unknown}
 k - a scroll of curse jewellery {unknown}
 l - a scroll of blinking {unknown}
 n - 3 scrolls of enchant armour {unknown}
 q - a scroll of amnesia {unknown}
Jewellery
 p - a ring of protection from magic (left hand) {unknown}
Books
 d - a book of Changes

   Spells                             Type                      Level
   *Beastly Appendage                 Transmutation                1
   Sticks to Snakes                   Transmutation                2
   *Spider Form                       Transmutation/Poison         3
   Ice Form                           Ice/Transmutation            4
   Blade Hands                        Transmutation                5


   Skills:
 - Level 1.2 Fighting
 - Level 1.5 Dodging
 + Level 5.3 Unarmed Combat
 - Level 1.5 Spellcasting
 - Level 2.6 Transmutations


You had one spell level left.
You knew the following spells:

 Your Spells              Type           Power        Failure   Level  Hunger
a - Beastly Appendage     Trmt           #.....       14%         1    ##.....
b - Spider Form           Trmt/Pois      #.........   73%         3    ####...


Dungeon Overview and Level Annotations

Branches:
Dungeon (3/16)

Altars:


Innate Abilities, Weirdness & Mutations

You have stony skin.
Your flesh is almost immune to the effects of heat.
Your fire spells are more powerful.
Your flesh is vulnerable to cold.
Your heat harms attackers.
You bathe your surroundings in blazing heat.
You are too hot to use scrolls.
You are very good at protecting items from fire.
You can tolerate rotten meat.


Message History

The adder closely misses you.
Drink which item? (? for menu, Esc to quit)
You suddenly lose the ability to move!
It was a potion of paralysis.
The adder bites you but does no damage. The adder is singed by your heat.
The adder is severely wounded.
The adder bites you.
* * * LOW HITPOINT WARNING * * *
The adder is singed by your heat.
You kill the adder!
The intensity of your heat diminishes.
You can move again.
Unknown command.
Casting: Beastly Appendage
Confirm with . or Enter, or press ? or * to list all spells.
Okay, then.
You barely miss the iguana.
Your horns disappear.
The iguana is burned by your radiant heat.
The iguana is lightly wounded.
The iguana bites you!
You die...

#....#.....#..#.##...##.#.
#..#.#.#.#.#..#.##...##.#.
#.......................#.
#..#.#.#.#.#.##.##........
...#..#.#.............(...##.
.............................
...#..#......................
#..###.###l#.#............
........@................
..........#.#..#.#..#.##.
.........>..... .. ......
......###.#.#.. #+ .####.#
###.#..# #.# . . #.# .


You could see an iguana.

Vanquished Creatures
  An adder (D:3)
  A giant mite (D:1)
  2 giant geckos (D:1)
  4 giant cockroaches
  4 goblins
  4 hobgoblins
  8 jackals (D:1)
  5 kobolds
  6 bats
  2 quokkas
  3 rats
40 creatures vanquished.

Notes
Turn   | Place    | Note
--------------------------------------------------------------
     0 | D:1      | Econoterrorist, the Lava Orc Transmuter, began the quest for the Orb.
     0 | D:1      | Reached XP level 1. HP: 16/16 MP: 2/2
   135 | D:1      | Reached XP level 2. HP: 12/23 MP: 1/3
   137 | D:1      | Reached skill level 4 in Unarmed Combat
   474 | D:1      | Reached XP level 3. HP: 28/28 MP: 3/5
  1026 | D:2      | Reached skill level 5 in Unarmed Combat
  1164 | D:2      | Learned a level 3 spell: Spider Form
  1537 | D:3      | Paralysed by a potion of paralysis for 2 turns
  1539 | D:3      | Slain by an iguana

Action                   || total
-------------------------++-------
Melee: Unarmed           ||   159
 Cast: Beastly Appendage ||     6
  Use: Potion            ||     2
       Scroll            ||     1
